AoeStats
← Dinho peek

Arena

504365064Analyzed
4v4 RM · 29d ago on Sep 5, 2026· 68m 40s· 8 players
Game mode
Random Map
Map size
Large (8 player)
Population
200
Speed
Normal
Resources
Standard
Victory
Conquest
Starting age
Dark Age
Ending age
Imperial Age
RankedLock teamsTeams togetherTeam positionsShared explorationLock speedFull tech treeHidden civsTurbo modeCheats
Victory
Defeat
🇨🇴 Muisca · Colombia
1472
+15
🇦🇷 Spanish · Argentina
1390
+18
🇦🇷 Gurjaras · Argentina
1280
+22
🇦🇷 Persians · Argentina
1244
+23
🇺🇸 Britons · United States
1447
-20
🇦🇷 Khmer · Argentina
1441
-20
🇦🇷 Khmer · Argentina
1422
-19
🇨🇴 Saracens · Colombia
1411
-19
ReBeL_persi
11:33 Feudal Age
12:50 Loom
15:24 Castle Age
13:29 Horse Collar
14:53 Double-Bit Axe
16:50 Bow Saw
20:03 Husbandry
21:58 Bloodlines
22:54 Scale Barding Armor
23:51 Fletching
25:06 Forging
25:34 Gold Mining
27:18 Wheelbarrow
28:33 Chain Barding Armor
30:56 Hand Cart
30:48 Stone Mining
31:34 Gold Shaft Mining
34:22 Imperial Age
33:32 Iron Casting
34:02 Stone Shaft Mining
36:13 Conscription
35:16 Pikeman
35:58 Scale Mail Armor
36:33 Plate Barding Armor
37:07 Chemistry
36:28 Ballistics
36:14 Siege Engineers
36:15 Double Crossbow
36:09 Halberdier
38:37 Bodkin Arrow
39:43 Blast Furnace
39:52 Chain Mail Armor
56:54 Murder Holes
57:00 Bracer
57:37 Light Cavalry
58:30 Hussar
Dino_Mate
10:52 Feudal Age
13:58 Castle Age
12:30 Double-Bit Axe
13:35 Horse Collar
15:09 Bow Saw
16:10 Loom
16:11 Town Watch
25:56 Fletching
28:01 Wheelbarrow
28:17 Bodkin Arrow
29:04 Forging
28:49 Light Cavalry
29:40 Bloodlines
30:10 Gold Mining
30:10 Stone Mining
34:20 Imperial Age
31:59 Light Cavalry
34:26 Heavy Scorpion
35:31 Double Crossbow
37:08 Chemistry
37:53 Ballistics
38:17 Husbandry
39:20 Siege Engineers
43:28 Iron Casting
43:05 Scale Barding Armor
43:34 Onager
61:24 Hand Cart
mikeymazko
10:13 Feudal Age
11:30 Double-Bit Axe
14:29 Castle Age
14:17 Horse Collar
17:10 Wheelbarrow
16:22 Loom
17:12 Fletching
24:09 Bow Saw
26:14 Heavy Plow
30:36 Hand Cart
30:08 Town Watch
32:22 Gold Mining
39:27 Imperial Age
37:37 Gold Shaft Mining
36:53 Treadmill Crane
37:20 Padded Archer Armor
37:56 Stone Mining
37:57 Elite Skirmisher
38:36 Bodkin Arrow
39:03 Ballistics
38:54 Masonry
38:46 Crossbowman
40:13 Bracer
41:15 Chemistry
40:14 Arbalester
41:15 Leather Archer Armor
41:19 Siege Engineers
42:42 Two-Man Saw
42:36 Conscription
44:00 Warwolf
46:08 Yeomen
48:23 Ring Archer Armor
50:23 Pikeman
51:04 Squires
50:49 Gambesons
50:49 Arson
51:20 Halberdier
51:45 Gambesons
51:46 Arson
52:03 Scale Mail Armor
52:14 Forging
53:58 Chain Mail Armor
54:18 Iron Casting
55:15 Plate Mail Armor
55:24 Plate Mail Armor
57:27 Blast Furnace
57:22 Caravan
61:17 Architecture
Warriorz Lvl
10:00 Feudal Age
14:19 Castle Age
13:04 Double-Bit Axe
13:29 Horse Collar
20:18 Gold Mining
21:16 Loom
25:02 Stone Mining
27:19 Bow Saw
29:05 Wheelbarrow
29:15 Gold Shaft Mining
31:46 Imperial Age
29:35 Scale Barding Armor
30:32 Forging
31:01 Hand Cart
30:32 Town Watch
32:09 Iron Casting
31:46 Heavy Plow
33:03 Husbandry
33:14 Bloodlines
32:24 Heavy Camel Rider
34:26 Chain Barding Armor
35:07 Blast Furnace
34:07 Scale Mail Armor
33:32 Elite Mameluke
34:18 Town Patrol
33:59 Pikeman
36:53 Plate Barding Armor
40:25 Conscription
41:57 Chain Mail Armor
44:00 Two-Man Saw
43:39 Counterweights
43:39 Bimaristan
45:55 Light Cavalry
49:17 Hussar
51:16 Plate Mail Armor
53:34 Fletching
53:45 Padded Archer Armor
55:16 Crossbowman
61:17 Thumb Ring
61:59 Elite Skirmisher
Dinho peek
9:20 Feudal Age
11:04 Loom
13:20 Castle Age
11:56 Double-Bit Axe
22:32 Wheelbarrow
24:11 Horse Collar
24:48 Bow Saw
27:44 Heavy Plow
30:30 Imperial Age
28:55 Scale Barding Armor
29:01 Forging
28:43 Gold Mining
30:04 Hand Cart
29:53 Light Cavalry
31:42 Gold Shaft Mining
31:38 Chain Barding Armor
31:35 Bloodlines
32:21 Iron Casting
32:03 Husbandry
32:22 Kshatriyas
32:38 Conscription
32:10 Heavy Camel Rider
33:41 Plate Barding Armor
35:18 Frontier Guards
35:28 Stone Mining
35:31 Fletching
35:53 Devotion
39:44 Scale Mail Armor
40:42 Chain Mail Armor
40:14 Arson
40:34 Hussar
41:00 Man-at-Arms
41:56 Chain Mail Armor
41:36 Long Swordsman
42:09 Two-Handed Swordsman
53:37 Chemistry
65:02 Stone Shaft Mining
66:47 Town Watch
Tigursio
5:04 Loom
10:45 Feudal Age
15:38 Castle Age
16:37 Double-Bit Axe
16:35 Horse Collar
22:17 Gold Mining
23:40 Bow Saw
23:35 Heavy Plow
25:04 Wheelbarrow
29:15 Imperial Age
27:49 Forging
27:45 Scale Barding Armor
27:55 Bloodlines
27:46 Husbandry
28:48 Hand Cart
29:19 Iron Casting
28:53 Cavalier
29:56 Chain Barding Armor
30:25 Crop Rotation
30:59 Two-Man Saw
31:06 Savar
31:45 Town Watch
33:46 Plate Barding Armor
34:42 Blast Furnace
36:40 Chemistry
36:51 Heavy Camel Rider
37:34 Scale Mail Armor
38:39 Chain Mail Armor
42:00 Pikeman
42:40 Squires
42:26 Gambesons
44:00 Plate Mail Armor
43:18 Halberdier
49:05 Capped Ram
50:20 Siege Ram
51:45 Arson
62:38 Coinage
62:10 Light Cavalry
63:33 Hussar
68:42 Conscription
OsoPolar
10:03 Feudal Age
14:12 Castle Age
13:10 Double-Bit Axe
15:04 Loom
22:17 Wheelbarrow
21:30 Horse Collar
22:30 Sanctity
25:14 Wheelbarrow
27:21 Atonement
31:56 Imperial Age
30:31 Town Watch
31:24 Fervor
33:14 Bow Saw
33:44 Conscription
34:37 Block Printing
34:45 Block Printing
37:18 Padded Archer Armor
38:17 Leather Archer Armor
39:18 Chemistry
38:35 Fletching
38:52 Scale Barding Armor
38:49 Scale Mail Armor
39:52 Bloodlines
39:51 Pikeman
40:32 Squires
40:44 Forging
40:56 Chain Mail Armor
41:15 Ring Archer Armor
42:26 Cavalier
43:37 Hand Cart
44:15 Husbandry
44:29 Paladin
45:21 Bloodlines
46:17 Scale Barding Armor
47:27 Iron Casting
48:38 Chain Barding Armor
49:19 Blast Furnace
48:29 Elite Skirmisher
50:32 Plate Barding Armor
55:09 Bodkin Arrow
59:05 Bracer
62:18 Thumb Ring
63:10 Plate Mail Armor
66:34 Two-Man Saw
Rabanito
9:45 Feudal Age
13:25 Castle Age
11:53 Double-Bit Axe
12:39 Horse Collar
13:08 Gold Mining
13:28 Loom
15:16 Fervor
16:38 Sanctity
18:21 Redemption
20:04 Wheelbarrow
25:35 Hand Cart
25:57 Town Watch
30:34 Bow Saw
33:46 Imperial Age
32:01 Town Patrol
32:07 Heavy Plow
32:48 Gold Shaft Mining
34:18 Stone Mining
34:45 Scale Mail Armor
34:41 Onager
36:03 Hoardings
35:55 Chain Mail Armor
36:09 Siege Engineers
37:22 Chemistry
37:16 Plate Mail Armor
37:14 Conscription
37:26 Masonry
37:38 Squires
36:59 Pikeman
40:11 Two-Man Saw
39:42 Crop Rotation
38:36 Elite Temple Guard
39:47 Ballistics
41:05 Siege Onager
42:20 Forging
42:30 Heavy Scorpion
43:51 Iron Casting
47:45 Capped Ram
57:43 Fletching
57:52 Murder Holes
58:50 Bodkin Arrow
61:39 Coinage
62:28 Bracer
66:58 Stone Shaft Mining
66:08 Elite Guecha Warrior
66:48 Herbalism
66:54 Huaracas
Connection lost

Rejoining the realm…

Still unreachable

The connection could not be restored.

Session expired

The server has moved on; the page needs a fresh start.